 Dungeon Crawl Stone Soup version 0.25-a0-156-g0c4bda3fdf (webtiles) character file.

Game seed: 10840155986558049407, levelgen mode: deterministic

59 Leeroy the Slasher (level 3, 0/29 HPs)
             Began as a Draconian Skald on Nov 20, 2019.
             Succumbed to an adder's poison
             ... on level 2 of the Dungeon.
             The game lasted 00:03:38 (995 turns).

Leeroy the Slasher (Draconian Skald)                 Turns: 995, Time: 00:03:39

Health: 0/29       AC:  6    Str: 18    XL:     3   Next: 78%
Magic:  3/6        EV: 12    Int: 13    God:
Gold:   167        SH:  0    Dex: 11    Spells: 2/6 levels left

rFire    . . .     SeeInvis .   v - +0 quarterstaff
rCold    . . .     Gourm    .   (shield currently unavailable)
rNeg     . . .     Faith    .   (armour unavailable)
rPois    .         Spirit   .   (helmet restricted)
rElec    .         Reflect  .   (no cloak)
rCorr    .         Harm     .   b - +0 pair of gloves
MR       .....                  (no boots)
Stlth    +.........             (no amulet)
HPRegen  0.09/turn              (no ring)
MPRegen  0.10/turn              (no ring)

@: mighty, lethally poisoned (0 -> -6), very slightly contaminated
A: unfitting armour, cold-blooded, AC +5
a: no special abilities


You were on level 2 of the Dungeon.
You were hungry.

You visited 1 branch of the dungeon, and saw 3 of its levels.

You collected 167 gold pieces.

Inventory:

Hand Weapons
 a - a +0 falchion
 e - a +0 hand axe
 h - a +0 short sword
 r - a +0 hunting sling
 v - a +0 quarterstaff (weapon)
 x - a +0 long sword
Missiles
 i - 86 stones (quivered)
 q - 4 curare-tipped darts
Armour
 b - a +0 pair of gloves (worn)
 s - a +0 buckler
Jewellery
 f - a cursed ring of attention {unknown}
 j - an uncursed amulet of the gourmand {unknown}
 k - an uncursed ring of protection from cold {unknown}
Scrolls
 d - 2 scrolls of amnesia {unknown}
 g - 2 scrolls of identify {unknown}
 m - a scroll of enchant armour {unknown}
 n - a scroll of teleportation {unknown}
 p - a scroll of blinking {unknown}
 u - a scroll of remove curse {unknown}
 y - a scroll of fog {unknown}
Potions
 o - a potion of curing {unknown}
 t - a potion of ambrosia {unknown}
Comestibles
 c - 3 rations
 w - 2 chunks of flesh


   Skills:
 - Level 2.1 Fighting
 + Level 4.2 Long Blades
 - Level 2.1 Dodging
 - Level 2.0 Spellcasting
 - Level 2.6 Charms


You had 2 spell levels left.
You knew the following spells:

 Your Spells              Type           Power        Failure   Level  Hunger
a - Infusion              Chrm           #...         9%          1    ##.....
b - Spectral Weapon       Hex/Chrm       #.......     41%         3    ####...

Your spell library contained the following spells:

 Spells                   Type           Power        Failure   Level  Hunger
 Song of Slaying          Chrm           #.......     13%         2    ###....
 Shroud of Golubria       Chrm/Tloc      #.....       22%         2    ###....
 Regeneration             Chrm/Necr      #.........   41%         3    ####...


Dungeon Overview and Level Annotations

Branches:
Dungeon (3/15)

Altars:


Innate Abilities, Weirdness & Mutations

Your plain brown scales are hard. (AC +5)
You cannot fit into any form of body armour.
You are cold-blooded and may be slowed by cold attacks.


Message History

* * * LOW HITPOINT WARNING * * *
You feel sick. The adder barely misses you.
* * * LOW HITPOINT WARNING * * *
You feel sick. The adder barely misses you.
You barely miss the adder.
Your tail-slap misses the adder.
* * * LOW HITPOINT WARNING * * *
You feel sick. The adder closely misses you.
Okay, then.
Casting: Infusion (safe; 9% risk of failure)
Confirm with . or Enter, or press ? or * to list all spells.
You miscast Spectral Weapon.
You are very lightly contaminated with residual magic.
Nothing appears to happen.
The adder bites you.
* * * LOW HITPOINT WARNING * * *
You are more poisoned.
The adder poisons you! The adder bites you but does no damage.
It was a potion of might.
You feel very mighty all of a sudden.
You die...

#.# #.###.####
#.# #........#
#.# #####.##.# #.
#.##.# #.##.#
..##.# ####.#
#### ##.#.# #
#@.# ##.#..####.
##S# #.#..<.....
#.######...#####.
#)...####.##
#..#......#
#....####.#
.....#..# #.##
#.####..###...#
#.####...)..#..


You could see an adder.

Vanquished Creatures
  2 adders (D:2)
  A worm (D:2)
  2 dart slugs
  3 leopard geckos
  2 bats (D:2)
  A giant cockroach (D:2)
  4 hobgoblins (D:2)
  A frilled lizard (D:1)
  5 goblins (D:2)
  5 kobolds
  5 rats (D:2)
31 creatures vanquished.

Notes
Turn   | Place    | Note
-------+----------+-------------------------------------------
     0 | D:1      | Leeroy the Draconian Skald began the quest for the Orb.
     0 | D:1      | Reached XP level 1. HP: 17/17 MP: 3/3
   401 | D:1      | You fall into a shaft and drop 1 floor!
   418 | D:2      | Reached XP level 2. HP: 15/24 MP: 5/5
   428 | D:2      | Reached skill level 3 in Long Blades
   526 | D:2      | Reached XP level 3. HP: 6/29 MP: 6/6
   796 | D:2      | Reached skill level 4 in Long Blades
   952 | D:2      | Learned a level 3 spell: Spectral Weapon
   994 | D:2      | HP: 1/29 [adder (3)]
   995 | D:2      | Succumbed to an adder's poison

Levels and vault maps discovered:
D:1:      dpeg_arrival_lava_altar, layout_loops_ring, hex_tiny
D:2:      layout_loops_ring, minmay_goblin_outpost
D:3:      minmay_general_purpose_star, layout_rooms, tso_oasis_becter,
          gammafunk_temple_overflow_arena, kennysheep_generic_room_13,
          uniq_natasha

Skill      XL: |  1  2  3 |
---------------+----------+-----
Long Blades    | 3 4 |  4.2
Fighting       | |  2.1
Dodging        | |  2.1
Spellcasting   | |  2.0
Charms         | |  2.6

Action                   || total
-------------------------++-------
Melee: Falchion          ||    77
       Tailslap          ||     6
       Long sword        ||    11
       Quarterstaff      ||     5
 Cast: Infusion          ||     3
  Use: Potion            ||     1
Armor: Skin              ||    39
Dodge: Dodged            ||    90
       Rpst.: Falchion   ||    27
       Long sword        ||     1

Table legend:
 A = Non-vault XP
 B = Vault XP
 C = Vault XP percentage of total XP
 D = Non-vault monster count
 E = Vault monster count
 F = Vault count percentage of total count
                 A         B        C        D         E       F
            +---------+---------+-------+---------+---------+-------
      Total |      85 |       0 |   0.0 |      31 |       0 |   0.0
            +---------+---------+-------+---------+---------+-------
        D:1 |      11 |       0 |   0.0 |       5 |       0 |   0.0
        D:2 |      74 |       0 |   0.0 |      26 |       0 |   0.0
            +---------+---------+-------+---------+---------+-------
